 Dungeon Crawl Stone Soup version 0.26-a0-812-g31a745ddcd (webtiles) character file.

Game seed: 10588499754888279214

131 Dracia the Insei (level 4, 0/35 HPs)
             Began as a Draconian Transmuter on Nov 30, 2020.
             Slain by an orc
             ... wielding a +0 dagger
              (2 damage)
             ... on level 3 of the Dungeon.
             The game lasted 00:05:45 (2649 turns).

Dracia the Insei (Draconian Transmuter)             Turns: 2649, Time: 00:05:46

Health: 0/35       AC:  6    Str: 12    XL:     4   Next: 91%
Magic:  6/7        EV: 12    Int: 13    God:
Gold:   95         SH:  0    Dex: 13    Spells: 1/7 levels left

rFire    . . .     SeeInvis .     - Unarmed
rCold    . . .     Faith    .   (no shield)
rNeg     . . .     Spirit   .   (armour unavailable)
rPois    .         Reflect  .   (helmet restricted)
rElec    .         Harm     .   l - +0 cloak
rCorr    .         Rampage  .   (no gloves)
MR       .....                  (no boots)
Stlth    +.........             (no amulet)
HPRegen  0.11/turn              (no ring)
MPRegen  0.10/turn              (no ring)

@: no status effects
A: unfitting armour, cold-blooded, AC +5
a: no special abilities


You were on level 3 of the Dungeon.
You visited 1 branch of the dungeon, and saw 3 of its levels.

You collected 95 gold pieces.


Innate Abilities, Weirdness & Mutations

Your plain brown scales are hard. (AC +5)
You cannot fit into any form of body armour.
You are cold-blooded and may be slowed by cold attacks.


   Skills:
 - Level 1.1 Fighting
 - Level 1.7 Dodging
 + Level 4.5 Unarmed Combat
 - Level 2.0 Spellcasting
 + Level 3.9 Transmutations


You had one spell level left.
You knew the following spells:

 Your Spells              Type           Power        Failure   Level
a - Beastly Appendage     Tmut           ##....       5%          1
b - Wereblood             Tmut           ##......     8%          2
c - Spider Form           Tmut/Pois      #.........   34%         3

Your spell library contained the following spells:

 Spells                   Type           Power        Failure   Level
 Ice Form                 Ice/Tmut       #.......     75%         4
 Blade Hands              Tmut           ##........   82%         5

Inventory:

Armour
 l - a +0 cloak (worn)
Scrolls
 b - a scroll of random uselessness {unknown}
 e - a scroll of remove curse {unknown}
 f - a scroll of noise {unknown}
 g - a scroll of enchant armour {unknown}
 h - a scroll of fear {unknown}
 i - a scroll of enchant weapon {unknown}
 k - a scroll of immolation {unknown}
Potions
 c - a potion of flight

Dungeon Overview and Level Annotations

Branches:
Dungeon (3/15)

Altars:
Ashenzari
Dithmenos
Fedhas
Okawaru
Sif Muna

...##
l..#######
#.$......#
#........#
#..$.....#
#.)......#
#.<......#
#)wo.....#
#{@......#
#........#
#......."#
#........#
##########


You could see a worm, an orc and a leopard gecko (wandering).


Message History

You hit the giant cockroach.
You kill the giant cockroach!
The worm is pulled toward you! The orc barely misses you.
The worm barely misses you.
You hit the orc. You tail-slap the orc.
You kill the orc!
Your primal bloodlust is almost over.
You hear some strange, mumbled words.
A magic dart appears from out of thin air!
The magic dart hits you.
* * * LOW HITPOINT WARNING * * *
It was a potion of cancellation.
Your magical effects are unravelling.
You feel magically purged.
You feel yourself slow down.
You float gracefully downwards.
Your primal bloodlust has ended.
You feel less attractive to monsters. The orc closely misses you.
Something hits you.
* * * LOW HITPOINT WARNING * * *
You closely miss the orc. The orc barely misses you. The worm misses you.
Something hits you.
* * * LOW HITPOINT WARNING * * *
You barely miss the orc. The orc hits you with a +0 dagger.
* * * LOW HITPOINT WARNING * * *
Something hits you but does no damage.
You hit the orc.
Your tail-slap misses the orc.
The orc is severely wounded.
A leopard gecko comes into view.
The worm barely misses you. The orc hits you with a +0 dagger.
You die...

Skill      XL: |  1  2  3 |
---------------+----------+-----
Transmutations | 3 |  3.9
Unarmed Combat | 4 |  4.5
Fighting       | |  1.1
Dodging        | |  1.7
Spellcasting   | |  2.0

Action                   |  1- 3 |  4- 6 || total
-------------------------+-------+-------++-------
Melee: Unarmed           |   102 |    55 ||   157
       Tailslap          |     3 |     3 ||     6
       Punch             |     2 |     1 ||     3
       Kick              |    12 |     6 ||    18
       Headbutt          |     6 |     5 ||    11
 Cast: Beastly Appendage |    13 |     9 ||    22
       Spider Form       |       |     1 ||     1
       Wereblood         |       |     1 ||     1
  Use: Potion            |       |     4 ||     4
Armor: Skin              |    36 |    20 ||    56
Dodge: Dodged            |    79 |    47 ||   126

Levels and vault maps discovered:
D:1:      roderic_dead_forest, layout_basic, minmay_box_of_dots
D:2:      layout_basic, grunt_temple_overflow_open, uniq_crazy_yiuf_cottage
D:3:      layout_basic, minmay_misc_feat_alley

Notes
Turn   | Place    | Note
-------+----------+-------------------------------------------
     0 | D:1      | Dracia the Draconian Transmuter began the quest for the
                  | Orb.
     0 | D:1      | Reached XP level 1. HP: 16/16 MP: 3/3
   238 | D:1      | Reached XP level 2. HP: 23/23 MP: 3/5
   486 | D:1      | Learned a level 2 spell: Wereblood
   556 | D:1      | Reached XP level 3. HP: 19/28 MP: 6/6
   713 | D:1      | Reached skill level 3 in Transmutations
  1246 | D:2      | Reached skill level 4 in Unarmed Combat
  1314 | D:2      | Reached XP level 4. HP: 18/35 MP: 7/7
  1592 | D:2      | Found a shadowy altar of Dithmenos.
  1593 | D:2      | Found an iron altar of Okawaru.
  1596 | D:2      | Found a broken altar of Ashenzari.
  1596 | D:2      | Found a blossoming altar of Fedhas.
  1596 | D:2      | Found a shimmering blue altar of Sif Muna.
  2047 | D:2      | Found a runed translucent door.
  2048 | D:2      | Noticed Crazy Yiuf
  2384 | D:2      | Learned a level 3 spell: Spider Form
  2389 | D:2      | Killed Crazy Yiuf
  2648 | D:3      | HP: 2/35 [orc/+0 dagger (2)]
  2649 | D:3      | Slain by an orc

Vanquished Creatures
  Crazy Yiuf (D:2)
  A gnoll (D:1)
  3 adders (D:2)
  An ooze (D:1)
  A leopard gecko (D:2)
  An orc (D:3)
  5 bats
  5 giant cockroaches
  14 goblins
  5 hobgoblins
  2 jackals (D:1)
  2 quokkas (D:2)
  6 frilled lizards
  5 kobolds
  6 rats
58 creatures vanquished.

Table legend: (Time is in decaauts)
 A = Elapsed time spent in this place.
 B = Non-inter-level travel time spent in this place.
 C = Inter-level travel time spent in this place.
 D = Time resting spent in this place.
 E = Time spent auto-exploring this place.
 F = Levels seen in this place.
 G = Mean time per level.
                   A        B        C        D        E       F      G
               +--------+--------+--------+--------+--------+-----+--------+
         Total |   2635 |   2592 |     43 |    194 |   2050 |   3 |  878.3 |
       Dungeon |   2635 |   2592 |     43 |    194 |   2050 |   3 |  878.3 |
               +--------+--------+--------+--------+--------+-----+--------+

Top non-repeatable levels by time:
     D:2: 1395 daAuts
     D:1: 1218 daAuts
     D:3: 21 daAuts

Table legend:
 A = Non-vault XP
 B = Vault XP
 C = Vault XP percentage of total XP
 D = Non-vault monster count
 E = Vault monster count
 F = Vault count percentage of total count
                 A         B        C        D         E       F
            +---------+---------+-------+---------+---------+-------
      Total |     125 |      63 |  33.5 |      52 |       6 |  10.3
            +---------+---------+-------+---------+---------+-------
        D:1 |      53 |      21 |  28.4 |      30 |       5 |  14.3
        D:2 |      66 |      42 |  38.9 |      19 |       1 |   5.0
        D:3 |       6 |       0 |   0.0 |       3 |       0 |   0.0
            +---------+---------+-------+---------+---------+-------
